 Dungeon Crawl Stone Soup version 0.24.1 (webtiles) character file.

Game seed: 7943326867854860611, levelgen mode: deterministic

146 Peloso the Shield-Bearer (level 5, -9/46 HPs)
             Began as a Minotaur Fighter on Mar 23, 2020.
             Mangled by an ogre
             ... wielding a +0 giant spiked club
              (22 damage)
             ... on level 4 of the Dungeon.
             The game lasted 00:05:34 (2078 turns).

Peloso the Shield-Bearer (Minotaur Fighter)         Turns: 2078, Time: 00:05:35

Health: -9/46      AC:  9    Str: 20    XL:     5   Next: 7%
Magic:  4/4        EV:  5    Int:  5    God:
Gold:   186        SH: 10    Dex: 11    Spells: 4/4 levels left

rFire    . . .     SeeInvis .   a - +0 long sword
rCold    . . .     Gourm    .   c - +0 shield
rNeg     . . .     Faith    .   j - +0 chain mail
rPois    .         Spirit   .   (helmet restricted)
rElec    .         Reflect  .   (no cloak)
rCorr    .         Harm     .   (no gloves)
MR       .....                  (no boots)
Stlth    ..........             (no amulet)
HPRegen  0.15/turn              (no ring)
MPRegen  0.09/turn              (no ring)

@: no status effects
A: retaliatory headbutt, horns 2
a: no special abilities


You were on level 4 of the Dungeon.
You were not hungry.

You visited 1 branch of the dungeon, and saw 4 of its levels.

You collected 186 gold pieces.

Inventory:

Hand Weapons
 a - a +0 long sword (weapon)
 b - a +2 dagger of flaming
Armour
 c - a +0 shield (worn)
 j - a +0 chain mail (worn)
Wands
 m - a wand of clouds (5)
Scrolls
 e - 2 scrolls of remove curse
 g - 2 scrolls of enchant weapon {unknown}
 h - 2 scrolls of magic mapping
 i - a scroll of noise
 k - 2 scrolls of identify
 l - 2 scrolls of teleportation {unknown}
 p - 2 scrolls of enchant armour {unknown}
 q - a scroll of blinking {unknown}
Potions
 d - a potion of might
 n - 2 potions of mutation {unknown}
 o - a potion of heal wounds
Comestibles
 f - 4 rations


   Skills:
 + Level 4.2 Fighting
 + Level 4.0 Long Blades
 + Level 4.3 Armour
 + Level 0.6 Dodging
 + Level 0.3 Stealth
 + Level 5.0 Shields


You had 4 spell levels left.
You didn't know any spells.
Your spell library was empty.

Dungeon Overview and Level Annotations

Branches:
Dungeon (4/15)
 Temple: D:4-7

Altars:
Kikubaaqudgha
Wu Jian


Innate Abilities, Weirdness & Mutations

You reflexively headbutt those who attack you in melee.
You have a pair of horns on your head.


Message History

Found 17 gold pieces.
An ogre is nearby!
An ogre is nearby!
An ogre is nearby!
You completely miss the ogre.
The ogre hits you with a +0 giant spiked club!
You completely miss the ogre. You headbutt the ogre!
The ogre is moderately wounded.
You block the ogre's attack.
You slash the ogre!
The ogre is heavily wounded.
The ogre hits you with a +0 giant spiked club!!
* * * LOW HITPOINT WARNING * * *
You hit the ogre.
The ogre is severely wounded.
The ogre barely misses you.
You hit the ogre. You headbutt the ogre!
The ogre is almost dead.
The ogre hits you with a +0 giant spiked club!!
You die...

..#.#.#####'#### #
##.#.#.........# #
#.#.#.#........# #
####.#.#............ #
#.#.#.#.#.......#+#.##
#.#.#.#.####+#.+ ##
#.#.#.## ## ## #.#.#.#
#< #.#@#.## #.
#.#.#O#.. #. #.#.#
#.##. #. #.#.# #.# ..
#. #.#.# ## . #. ..#.#
###. .$## #... ##..
####..


You could see an ogre.

Vanquished Creatures
  5 adders
  An ooze (D:1)
  3 worms (D:2)
  3 dart slugs
  3 leopard geckos
  2 orcs (D:3)
  3 giant cockroaches
  8 goblins
  7 hobgoblins
  8 jackals
  2 quokkas (D:2)
  A ball python (D:3)
  11 bats
  A frilled lizard (D:1)
  8 kobolds
  8 rats
  A rat zombie (D:3)
75 creatures vanquished.

Notes
Turn   | Place    | Note
-------+----------+-------------------------------------------
     0 | D:1      | Peloso the Minotaur Fighter began the quest for the Orb.
     0 | D:1      | Reached XP level 1. HP: 19/19 MP: 0/0
    60 | D:1      | Reached XP level 2. HP: 27/27 MP: 1/1
   129 | D:1      | Reached skill level 4 in Shields
   249 | D:1      | Reached XP level 3. HP: 31/33 MP: 2/2
   962 | D:2      | Reached XP level 4. HP: 40/40 MP: 3/3
  1474 | D:3      | Found an ancient bone altar of Kikubaaqudgha.
  1543 | D:3      | Found an ornate altar of the Wu Jian Council.
  1776 | D:3      | Reached skill level 5 in Shields
  1776 | D:3      | Reached XP level 5. HP: 46/46 MP: 4/4
  2072 | D:4      | Noticed an ogre
  2078 | D:4      | Mangled by an ogre

Levels and vault maps discovered:
D:1:      lemuel_arrival_lava_pool, layout_loops_ring, serial_glass,
          glass_columns_a, glass_columns_c, item_on_display_a,
          minmay_pentomino_t4
D:2:      layout_loops_cross
D:3:      layout_rooms, lemuel_zombie_altar_kikubaaqudgha, lemuel_crystal_altar,
          minmay_puff
D:4:      layout_basic, elyvilon_altar_4, minmay_temple_entry_antechambers,
          serial_shops, nicolae_shop_behind_doors, shop_fountains, first_ration

Skill      XL: |  1  2  3  4  5 |
---------------+----------------+-----
Armour         | 4 |  4.3
Shields        | 4 5 |  5.0
Fighting       | 4 |  4.2
Long Blades    | 3 4 |  4.0
Dodging        | |  0.6
Stealth        | |  0.3

Action                   |  1- 3 |  4- 6 || total
-------------------------+-------+-------++-------
Melee: Long sword        |   105 |   101 ||   206
       Headbutt          |    13 |    23 ||    36
  Use: Scroll            |     3 |       ||     3
       Potion            |       |     1 ||     1
  Eat: Chunk             |       |     4 ||     4
Armor: Scale mail        |    39 |       ||    39
       Chain mail        |    35 |    57 ||    92
Dodge: Dodged            |    40 |    21 ||    61
Block: Shield            |    65 |    52 ||   117
       Rpst.: Long sword |    13 |     6 ||    19
